 Dungeon Crawl Stone Soup version 0.30-a0-629-gd54f4be4f7 (webtiles) character file.

Game seed: 684899707813686358

53 kae the Insei (level 3, -7/26 HPs)
             Began as a Demonspawn Transmuter on Jan 12, 2023.
             Blown up by Ijyb (20 damage)
             ... with a mindburst bolt
             ... on level 3 of the Dungeon.
             The game lasted 00:01:36 (1643 turns).

kae the Insei (Demonspawn Transmuter)               Turns: 1643, Time: 00:01:37

Health: -7/26      AC:  2    Str: 10    XL:     3   Next: 64%
Magic:  3/6        EV: 19    Int: 16    God:
Gold:   81         SH:  0    Dex: 18    Spells: 1/7 levels left

rFire   . . .      SeeInvis .      - Unarmed
rCold   . . .      Faith    .    (shield currently unavailable)
rNeg    + . .      Spirit   .    (body armour currently unavailable)
rPois   x          Reflect  .    (helmet currently unavailable)
rElec   .          Harm     .    (cloak currently unavailable)
rCorr   .          Rampage  .    (gloves currently unavailable)
Will    .....                    (boots currently unavailable)
Stlth   ++                       (no amulet)
HPRegen 0.24/turn                N - ring of positive energy
MPRegen 0.10/turn                (no ring)

@: spider-form
A: venomous fangs, tiny, (icy blue scales 1), (weakness stinger 1)
a: End Transformation


You were on level 3 of the Dungeon.
You were a venomous arachnid creature.
You visited 1 branch of the dungeon, and saw 3 of its levels.

You collected 107 gold pieces.
You spent 26 gold pieces at shops.


Innate Abilities, Weirdness & Mutations

You are a venomous arachnid creature.
You have venomous fangs.
You are tiny and dextrous.
Your spellcasting is less reliable in this form.
Your armour is entirely melded.
You are incapable of wielding weapons or throwing items.
((You are partially covered in icy blue scales. (AC +2)))
((You have a small tail.))


   Skills:
 - Level 1.0 Fighting
 - Level 1.7 Dodging
 + Level 3.1 Unarmed Combat
 + Level 2.5 Spellcasting
 * Level 2.9 Transmutations
 * Level 0.0 Poison Magic


You had one spell level left.
You knew the following spells:

 Your Spells              Type           Power      Damage    Failure   Level
a - Beastly Appendage     Tmut           22%        N/A       17%         1
b - Wereblood             Tmut           11%        N/A       22%         2
c - Spider Form           Tmut/Pois      6%         N/A       54%         3

Your spell library contained the following spells:

 Spells                   Type           Power      Damage    Failure   Level
 Ice Form                 Ice/Tmut       6%         N/A       87%         4

Inventory:

Missiles
 f - 16 stones
 h - 2 atropa-tipped darts
Armour
 a - a +0 robe (melded)
 e - a +2 cloak (melded)
   (You found it on level 2 of the Dungeon)
Magical Staves
 i - a staff of fire {!a}
   (You found it on level 2 of the Dungeon)
Jewellery
 N - a ring of positive energy (left front pincers)
   (You found it on level 1 of the Dungeon)
Scrolls
 d - 2 scrolls of identify {@r1}
 k - a scroll of teleportation {@r4}
 l - a scroll of blinking {unknown}
Potions
 b - a potion of lignification {!q}
 c - a potion of cancellation
 g - a potion of haste {@q3}
 j - 3 potions of curing {@q1}

Dungeon Overview and Level Annotations

Branches:
Dungeon (3/15) Zot: 16360

Altars:
Qazlal

Shops:
D:2 ?

Annotations:
D:3 Ijyb, Terence

#. #.# ...
........##.# #..
..........#.#
...##.##.....##.####
#..................#
..................#
......#...##.####
#.#.##......#
.#.##...##.#.#..#
......gs.#.#.#..#
................#
.#.##.#.##.#.##.#
#.#.##.#.##.# .
...........
##...........#
........###
##..###### ...


You could see Ijyb (extremely poisoned).


Message History

The adder barely misses you.
Unknown command.
You closely miss the adder.
You feel sick.
You are no longer poisoned.
The adder bites you but does no damage. 😕 HP[-1]
You take 1 damage, and now have 20/26 hp.
Unknown command.
You hit the adder.
Your tail-slap misses the adder.
You punch the adder, but do no damage. The adder barely misses you.
Unknown command.
You punch the adder!
You kill the adder! 😕 MP[+1]
Your mp is fully restored (6).
Your transformation is almost over. 😕 HP[+1]
You start resting. 😕 HP[+1] Unknown command.
l - a scroll labelled RUKOW NOTA Unknown command.
Terence the Incautious comes into view.
He is wielding a +0 hand axe.
Your horns disappear.
Your talons disappear.
Terence shouts! 😕 HP[+1] Terence is nearby!
Unknown command.
Terence is nearby! 😕 HP[+1]
There is an escape hatch in the ceiling here.
A mysterious force pulls you upwards.
The hatch slams shut behind you. 😕 HP[+1] Unknown command.
Done exploring. 😎 HP[+1]
Your hp is fully restored (26).
Done exploring.
(D) Dungeon
Where to? (Enter - D:3, ? - help)
There is an escape hatch in the floor here.
There is a stone staircase leading down here.
You climb downwards.
Level annotation: Terence
There is a stone staircase leading up here.
Memorise Wereblood, consuming 2 spell levels and leaving 4?
You start memorising the spell.
You continue memorising. x2
You finish memorising.
Spell assigned to 'b'.
This spell is extremely dangerous to cast!
Memorise Spider Form, consuming 3 spell levels and leaving 1?
You start memorising the spell.
You continue memorising. x3
You finish memorising.
Spell assigned to 'c'.
An endoplasm comes into view.
Casting: Beastly Appendage (safe; 6% risk of failure)
Confirm with . or Enter, or press ? or * to list all spells.
You grow a pair of large bovine horns.
Your feet morph into talons.
The endoplasm quivers. 😎 MP[-1]
You lost 1 mp, and now have 5/6 mp.
You hit the endoplasm. You claw the endoplasm.
You kill the endoplasm!
No target in view!
Your transformation is almost over.
f - 16 stones (gained 6) Ijyb the Twisted Goblin comes into view.
She is wielding a +0 dagger and carrying a wand of mindburst (13). 😎 MP[+1]
Your mp is fully restored (6).
Ijyb is nearby!
Ijyb is nearby!
Casting: Beastly Appendage (safe; 6% risk of failure)
Confirm with . or Enter, or press ? or * to list all spells.
The spell is extremely dangerous to miscast (32% risk of failure)!
Continue anyway? [Y]es or [N]o only, please.
The spell is extremely dangerous to miscast (32% risk of failure)!
Continue anyway?
Your horns disappear.
Your talons disappear.
You turn into a venomous arachnid creature.
Your +2 cloak melds into your body.
Your +0 robe melds into your body. 😎 MP[-3]
You lost 3 mp, and now have 3/6 mp.
The helpless Ijyb fails to defend herself.
You hit Ijyb.
Ijyb is poisoned.
Ijyb zaps a wand.
Your mind is blasted! 😮 HP[-7]
You take 7 damage, and now have 19/26 hp.
MASSIVE DAMAGE!! (PAUSE)
You barely miss Ijyb. 😕 HP[+1]
You hit Ijyb but do no damage.
Ijyb looks as sick as possible!
Ijyb zaps a wand.
Your mind is blasted!
* * * LOW HITPOINT WARNING * * *
😨 HP[-7]
You take 7 damage, and now have 13/26 hp.
MASSIVE DAMAGE!! (PAUSE)
You hit Ijyb but do no damage.
Ijyb zaps a wand.
Your mind is blasted!
Ouch! That really hurt!
You die...

Skill      XL: |  1  2 |
---------------+-------+-----
Transmutations | 2 |  2.9
Unarmed Combat | 3 |  3.1
Fighting       | |  1.0
Dodging        | |  1.7
Spellcasting   | |  2.5

Action                   || total
-------------------------++-------
Melee: Unarmed           ||    72
       Kick              ||    17
       Headbutt          ||     3
       Punch             ||     2
 Cast: Beastly Appendage ||    20
       Spider Form       ||     1
  Use: Scroll            ||     6
 Stab: Sleeping          ||     1
Armor: Robe              ||    23
Dodge: Dodged            ||    50

Levels and vault maps discovered:
D:1:      nicolae_arrival_washed_ashore, layout_basic, serial_forest,
          infiniplex_forest_clump_C, infiniplex_forest_lined_room_3,
          infiniplex_forest_end_2, infiniplex_forest_end_1,
          infiniplex_forest_end_1, infiniplex_forest_3_way,
          infiniplex_forest_lined_2, infiniplex_forest_straight_4,
          minmay_stone_trees_small, st_stairs_4
D:2:      layout_rooms, basic_altar, serial_shops, nicolae_lakefront_shop
D:3:      layout_basic, uniq_ijyb, uniq_terence

Notes
Turn   | Place    | Note
-------+----------+-------------------------------------------
     0 | D:1      | kae the Demonspawn Transmuter began the quest for the Orb.
     0 | D:1      | Reached XP level 1. HP: 15/15 MP: 3/3
     0 | D:1      | magus.rc [v1.11.3]
   188 | D:1      | Reached skill level 2 in Transmutations
   420 | D:1      | Gained mutation: You are partially covered in icy blue
                  | scales. (AC +2) [demonic ancestry]
   420 | D:1      | Reached XP level 2. HP: 21/21 MP: 3/5
  1083 | D:2      | Reached skill level 3 in Unarmed Combat
  1083 | D:2      | Gained mutation: You have a small tail. [demonic ancestry]
  1083 | D:2      | Reached XP level 3. HP: 26/26 MP: 4/6
  1097 | D:2      | Found Ruylafi's Magic Scroll Emporium.
  1107 | D:2      | Bought a scroll of identify for 26 gold pieces
  1188 | D:2      | Found a stormy altar of Qazlal.
  1390 | D:2      | Identified the +2 robe "Nosmodem" {Stlth+}
  1533 | D:3      | Noticed Terence
  1580 | D:3      | Learned a level 2 spell: Wereblood
  1584 | D:3      | Learned a level 3 spell: Spider Form
  1634 | D:3      | Noticed Ijyb
  1643 | D:3      | Blown up by Ijyb

Vanquished Creatures
  3 adders
  A dart slug (D:1)
  An endoplasm (D:3)
  3 giant cockroaches
  2 goblins
  3 hobgoblins (D:1)
  2 quokkas (D:1)
  3 ball pythons
  2 bats (D:1)
  4 frilled lizards
  2 kobolds (D:1)
26 creatures vanquished.

Table legend:
 A = Non-vault XP
 B = Vault XP
 C = Vault XP percentage of total XP
 D = Non-vault monster count
 E = Vault monster count
 F = Vault count percentage of total count
                 A         B        C        D         E       F
            +---------+---------+-------+---------+---------+-------
      Total |      74 |       3 |   3.9 |      24 |       2 |   7.7
            +---------+---------+-------+---------+---------+-------
        D:1 |      20 |       3 |  13.0 |      11 |       2 |  15.4
        D:2 |      37 |       0 |   0.0 |      10 |       0 |   0.0
        D:3 |      17 |       0 |   0.0 |       3 |       0 |   0.0
            +---------+---------+-------+---------+---------+-------

Illustrated notes

Table legend:
 A = Kills in this place as a percentage of kills in entire the game.
 B = Kills by you in this place as a percentage of kills by you in the entire game.
 C = Kills by friends in this place as a percentage of kills by friends in the entire game.
 D = Other kills in this place as a percentage of other kills in the entire game.
 E = Experience gained in this place as a percentage of experience gained in the entire game.
 F = Experience gained in this place divided by the number of levels of this place that you have seen.
                   A       B       C       D       E      F
               +-------+-------+-------+-------+-------+----------------------
         Total | 100.0 | 100.0 |   N/A |   N/A | 100.0 |  25.7
       Dungeon | 100.0 | 100.0 |   N/A |   N/A | 100.0 |  25.7
               +-------+-------+-------+-------+-------+----------------------

Table legend: (Time is in decaauts)
 A = Elapsed time spent in this place.
 B = Non-inter-level travel time spent in this place.
 C = Inter-level travel time spent in this place.
 D = Time resting spent in this place.
 E = Time spent auto-exploring this place.
 F = Levels seen in this place.
 G = Mean time per level.
                   A        B        C        D        E       F      G
               +--------+--------+--------+--------+--------+-----+--------+
         Total |   1638 |   1570 |     68 |      4 |   1335 |   3 |  546.0 |
       Dungeon |   1638 |   1570 |     68 |      4 |   1335 |   3 |  546.0 |
               +--------+--------+--------+--------+--------+-----+--------+

Top non-repeatable levels by time:
     D:1: 996 daAuts
     D:2: 511 daAuts
     D:3: 130 daAuts
